 Dungeon Crawl Stone Soup version 0.31.0-11-ge490571c62 (webtiles) character file.

Game seed: 13274110302613762821

2 Ashen the Sneak (level 1, 0/13 HPs)
             Began as a Gnoll Enchanter on Feb 3, 2024.
             Slain by a hobgoblin (5 damage)
             ... on level 1 of the Dungeon.
             The game lasted 00:00:18 (55 turns).

Ashen the Sneak (Gnoll Enchanter)                     Turns: 55, Time: 00:00:19

Health: 0/13       AC:  2    Str:  7    XL:     1   Next: 40%
Magic:  6/6        EV: 10    Int: 14    God:
Gold:   0          SH:  0    Dex: 12    Spells: 9/9 levels left

rFire   . . .        a - +1 dagger
rCold   . . .        (no shield)
rNeg    . . .        b - +0 robe
rPois   .            (no helmet)
rElec   .            (no cloak)
rCorr   .            (no gloves)
SInv    .            (no boots)
Will    .....        (no amulet)
Stlth   +++          (no ring)
HPRegen 0.22/turn    (no ring)
MPRegen 0.10/turn

%: no passive effects
@: constricted
A: fangs 1, strong nose, distributed training
a: no special abilities


You were on level 1 of the Dungeon.
You visited 1 branch of the dungeon, and saw 1 of its levels.

Inventory:

Hand Weapons
 a - a +1 dagger (weapon)
Armour
 b - a +0 robe (worn)
Potions
 c - 2 potions of invisibility


   Skills:
 + Level 0.0 Fighting
 + Level 2.3 Short Blades
 + Level 0.0 Long Blades
 + Level 0.0 Axes
 + Level 0.0 Maces & Flails
 + Level 0.0 Polearms
 + Level 0.0 Staves
 + Level 0.0 Ranged Weapons
 + Level 0.0 Throwing
 + Level 0.0 Armour
 + Level 4.4 Dodging
 + Level 5.8 Stealth
 + Level 0.0 Shields
 + Level 0.0 Unarmed Combat
 + Level 4.8 Spellcasting
 + Level 0.0 Conjurations
 + Level 5.3 Hexes
 + Level 0.0 Summonings
 + Level 0.0 Necromancy
 + Level 0.0 Translocations
 + Level 0.0 Fire Magic
 + Level 0.0 Ice Magic
 + Level 0.0 Air Magic
 + Level 0.0 Earth Magic
 + Level 0.0 Alchemy
 + Level 0.1 Invocations
 + Level 0.0 Evocations
 + Level 0.0 Shapeshifting


You had 9 spell levels left.
You didn't know any spells.
Your spell library contained the following spells:

 Spells                   Type           Power      Damage    Failure   Level
 Confusing Touch          Hex            18%        N/A       6%          3
 Tukima's Dance           Hex            18%        N/A       6%          3
 Ensorcelled Hibernation  Hex/Ice        20%        N/A       9%          2
 Dazzling Flash           Conj/Hex       20%        N/A       17%         3


Dungeon Overview and Level Annotations

Branches:
Dungeon (1/15)

Altars:


Innate Abilities, Weirdness & Mutations

You have very sharp teeth.
Your uncanny sense of smell can sniff out nearby items.
Your experience applies equally to all skills.


Message History

The jackal completely misses you.
You hit the jackal.
You kill the jackal!
You see here a jackal corpse.
A hobgoblin comes into view.
A jackal comes into view.
Found a book of Burglary.
The helpless jackal fails to defend itself.
You impale the jackal!!
You kill the jackal!
The jackal bites you.
You hit the jackal but do no damage. The jackal barely misses you.
The hobgoblin misses you. The jackal bites you.
The hobgoblin closely misses you.
The ball python hisses angrily.
You hit the ball python.
The ball python is moderately wounded.
The jackal closely misses you. The ball python misses you.
The ball python barely misses you. The hobgoblin misses you.
The jackal bites you.
You don't know any spells.
You closely miss the ball python. Your bite misses the ball python.
The ball python is moderately wounded.
The ball python closely misses you. The ball python barely misses you.
The hobgoblin hits you but does no damage.
The jackal closely misses you.
You closely miss the ball python.
The ball python is moderately wounded.
The ball python closely misses you. x2; The jackal closely misses you.
The hobgoblin barely misses you. The ball python bites you.
The ball python grabs you. The ball python constricts you.
You closely miss the ball python. Your bite misses the ball python.
The ball python is moderately wounded.
The jackal bites you. The hobgoblin barely misses you.
The ball python bites you. The ball python constricts you.
You closely miss the ball python.
The ball python is moderately wounded.
The jackal bites you but does no damage.
The hobgoblin hits you.
You die...

.....##..........#####. #
.....##..................
............##.....###.#
............##?........#
.....................#.
...................#.#
.....<.........##...[#
......>........##.†..#
...............S@..#.#
................gh...#
............##...........
............##.......#...
.....##.........###..:...
..... ......... .#..##
...... .#.## .##.## .. #
.. #


You could see a jackal, a hobgoblin and a ball python.

Vanquished Creatures
  2 jackals (D:1)
2 creatures vanquished.

Notes
Turn   | Place    | Note
-------+----------+-------------------------------------------
     0 | D:1      | Ashen the Gnoll Enchanter began the quest for the Orb.
     0 | D:1      | Reached XP level 1. HP: 13/13 MP: 6/6
    55 | D:1      | Slain by a hobgoblin

Illustrated notes

Levels and vault maps discovered:
D:1:      dpeg_arrival_stonehenge_8_columns, layout_basic,
          serial_bayou_lagoon_a, roderic_three_in_a_row, hangedman_decor_push,
          st_stairs_12, minmay_tetromino_l2

Action                     || total
---------------------------++-------
  Melee: Dagger            ||    17
         Bite              ||     1
   Stab: Sleeping          ||     1
 Armour: Robe              ||    13
  Dodge: Dodged            ||    28
